Map: Pride of Altaris LE

Players

Pumba - Winner!

  • Race: Protoss Protoss
  • League: Platinum
  • Spawn Location: 11:00

Teejhan

  • Race: Terran Terran
  • League: Platinum
  • Spawn Location: 5:00

VOD

Have the link to the VOD?

Description

Time

  • Played on: Feb. 8, 2022, 9:36 p.m.
  • Length: 10:39
Show
View Real Time Build Order
Export as new Build Order

Pumba Protoss - Winner!

Build Orders: 1 Gate Expand 

Get SALT Encoding   

  12  0:00  Probe  
  13  0:13  Probe  
  14  0:18  Pylon  
  14  0:25  Probe  
  15  0:37  Probe (Chrono Boost)  
  15  0:38  Gateway  
  16  0:48  Assimilator  
  16  0:49  Probe (Chrono Boost)  
  17  0:54  Probe (Chrono Boost)  
  18  1:03  Probe  
  19  1:15  Probe  
  20  1:22  Nexus  
  20  1:33  Cybernetics Core  
  20  1:36  Probe  
  21  1:48  Probe, Assimilator  
  21  1:52  Pylon  
  22  2:12  Probe  
  23  2:18  Adept (Chrono Boost)  
  25  2:23  Warp Gate  
  25  2:24  Probe  
  25  2:26  Robotics Facility  
  27  2:37  Probe (Chrono Boost)  
  27  2:40  Probe (Chrono Boost)  
  27  2:44  Stalker  
  30  2:50  Probe (Chrono Boost)  
  32  2:52  Probe (Chrono Boost)  
  32  2:55  Probe (Chrono Boost)  
  33  3:03  Probe (Chrono Boost)  
  33  3:04  Gateway  
  34  3:07  Probe (Chrono Boost)  
  34  3:08  Gateway  
  35  3:14  Observer  
  35  3:16  Probe (Chrono Boost)  
  35  3:17  Probe (Chrono Boost)  
  35  3:19  Assimilator  
  38  3:24  Pylon  
  38  3:25  Probe  
  39  3:27  Shield Battery  
  41  3:35  Immortal (Chrono Boost)  
  43  3:44  Pylon  
  43  3:48  Stalker  
  44  3:57  Probe  
  44  4:10  Probe (Chrono Boost)  
  44  4:13  Probe (Chrono Boost)  
  44  4:20  Assimilator  
  44  4:22  Robotics Bay  
  44  4:27  Probe (Chrono Boost)  
  44  4:28  Probe (Chrono Boost)  
  46  4:35  Probe  
  45  4:38  Probe  
  45  4:39  Stalker x3  
  52  4:47  Probe  
  53  4:53  Robotics Facility  
  53  4:59  Probe  
  54  5:01  Pylon  
  54  5:09  Disruptor (Chrono Boost)  
  54  5:12  Probe x2  
  59  5:30  Gateway  
  59  5:31  Gateway  
  59  5:33  Gateway  
  60  5:35  Probe  
  60  5:36  Stalker x2  
  60  5:37  Stalker  
  60  5:38  Disruptor (Chrono Boost), Probe  
  70  5:57  Pylon  
  70  6:00  Pylon  
  70  6:03  Pylon  
  70  6:04  Pylon  
  70  6:07  Pylon  
  70  6:15  Observer  
  70  6:16  Disruptor (Chrono Boost)  
  73  6:22  Disruptor (Chrono Boost)  
  76  6:26  Pylon  
  76  6:27  Pylon  
  76  6:28  Pylon x2  
  76  6:31  Stalker  
  78  6:34  Zealot  
  80  6:44  Stalker x2  
  84  6:47  Shield Battery  
  84  6:50  Disruptor  
  87  6:59  Observer  
  87  7:03  Disruptor (Chrono Boost)  
  78  7:23  Disruptor (Chrono Boost), Zealot x3, Stalker  
  78  7:24  Stalker x2  
  93  7:35  Disruptor (Chrono Boost)  
  92  8:02  Disruptor  
  92  8:03  Zealot x2, Stalker  
  92  8:04  Disruptor, Stalker x3  
  106  9:48  Disruptor x2  
  106  10:20  Zealot x6  
Show
View Real Time Build Order
Export as new Build Order

Teejhan Terran 

Build Orders:  

Get SALT Encoding   

  12  0:00  SCV  
  13  0:12  SCV  
  14  0:17  Supply Depot  
  14  0:24  SCV  
  15  0:39  SCV  
  15  0:40  Barracks  
  16  0:49  Refinery  
  16  0:51  SCV  
  17  1:05  SCV  
  18  1:11  Barracks  
  18  1:20  SCV  
  19  1:35  SCV  
  19  1:39  Barracks Tech Lab  
  20  1:40  Supply Depot  
  20  1:48  Orbital Command  
  20  1:53  Barracks  
  20  2:01  Barracks Tech Lab  
  20  2:05  Marauder  
  22  2:16  SCV  
  22  2:22  Stimpack  
  23  2:23  Marine  
  23  2:28  SCV  
  23  2:29  Marine  
  26  2:40  Barracks Reactor  
  26  2:42  Marine  
  27  2:46  SCV  
  27  2:48  Marine  
  29  2:57  Supply Depot  
  29  3:01  Concussive Shells  
  29  3:04  Marine  
  30  3:11  Marine  
  31  3:18  Marine x2  
  33  3:20  Supply Depot  
  33  3:23  Marauder  
  35  3:34  Marauder  
  35  3:38  Command Center  
  35  3:41  Marine x2  
  39  4:01  Marauder, Marine x2  
  39  4:02  Marauder  
  39  4:21  Marine x2  
  38  4:34  Marine x2  
  38  4:35  SCV  
  37  4:41  Combat Shield  
  34  4:47  SCV  
  34  4:50  Marine x2  
  34  4:52  Marauder x2  
  41  4:54  Refinery  
  41  4:57  Bunker  
  41  4:59  SCV  
  42  5:05  Orbital Command  
  42  5:10  Marine x2  
  42  5:12  SCV  
  45  5:17  Factory  
  45  5:19  Marine x2  
  47  5:24  SCV  
  48  5:30  Marine  
  48  5:31  Marine  
  50  5:39  SCV  
  50  5:40  SCV  
  52  5:43  Supply Depot  
  52  5:46  Supply Depot  
  52  5:48  Marauder x2  
  56  5:56  Engineering Bay, Marine x2  
  58  5:58  Engineering Bay  
  58  6:00  Starport  
  58  6:01  Factory Reactor  
  58  6:03  SCV  
  59  6:05  SCV  
  60  6:13  Supply Depot  
  60  6:15  Marine  
  60  6:16  Marauder, Marine  
  64  6:19  Marauder  
  66  6:25  Terran Infantry Weapons Level 1  
  66  6:29  SCV x2  
  68  6:38  Terran Infantry Armor Level 1  
  68  6:54  SCV x2  
  69  6:55  Marine x2  
  69  6:56  Marauder x2  
  59  7:17  Marine x4  
  59  7:21  SCV x2  
  65  7:23  Medivac  
  67  7:33  SCV  
  67  7:35  Refinery, Marine x4  
  67  7:37  Refinery  
  72  7:39  Supply Depot  
  72  7:42  Medivac  
  74  7:53  Marine  
  74  7:56  Marauder  
  74  7:57  Marauder  
  62  8:01  Marine  
  63  8:08  SCV  
  63  8:09  SCV  
  63  8:11  Marine  
  66  8:13  Medivac  
  66  8:17  Barracks, Marine  
  66  8:18  Marine  
  66  8:19  Marine  
  71  8:20  Barracks, SCV  
  58  8:35  Marauder  
  58  8:36  Marauder  
Tags
 
Add a new tag
Caveats
  • Supply blocks, unpowered buildings, or Contaminate may cause inaccurate times.
  • Supply counts are checked every 10 seconds.